 Dungeon Sprint DCSS version 0.25.1-8-g42b30a86e7 (webtiles) character file.

Game seed: 17717830205186783228

8800000 radhat240 the Axe Maniac (level 27, -14/298 HPs)
             Began as a Deep Dwarf Gladiator on Dec 13, 2020.
             Was the Champion of Makhleb.
             Killed from afar by a wretched soul (59 damage)
             ... with a bolt of negative energy
             ... in the Dungeon (Sprint VIII: "Arena of Blood").
             The game lasted 00:12:58 (88 turns).

radhat240 the Axe Maniac (Deep Dwarf Gladiator)       Turns: 88, Time: 00:13:08

Health: -14/298    AC:  8    Str: 24    XL:     27
Magic:  32/54      EV: 33    Int: 10    God:    Makhleb [******]
Gold:   0          SH:  0    Dex: 20    Spells: 80/80 levels left

rFire    . . .     SeeInvis .   k - +∞ Axe of Woe
rCold    . . .     Gourm    .   (shield currently unavailable)
rNeg     + . .     Faith    .   a - +0 leather armour
rPois    .         Spirit   .   b - +0 helmet
rElec    .         Reflect  .   (no cloak)
rCorr    .         Harm     .   (no gloves)
MR       ++++.     NoTele   +   (no boots)
Stlth    +++++++++.             (no amulet)
HPRegen  0.00/turn              (no ring)
MPRegen  0.34/turn              (no ring)

@: very slightly contaminated, non-regenerating, hasted, drained, very quick
A: damage resistance, heal wounds, negative energy resistance 1, sense
surroundings 3, no regeneration
a: Heal Wounds, Minor Destruction, Lesser Servant of Makhleb, Major Destruction,
Greater Servant of Makhleb, Renounce Religion


You were in the Dungeon.
You worshipped Makhleb.
Makhleb was exalted by your worship.
You were not hungry.

You visited 1 branch

Inventory:

Hand Weapons
 k - the +∞ Axe of Woe (weapon)
   (You found it in the Dungeon)
Missiles
 c - 3 throwing nets (quivered)
Armour
 a - a +0 leather armour (worn)
 b - a +0 helmet (worn)
Potions
 e - a potion of curing
 f - a potion of heal wounds
 h - 2 potions of magic
 i - a potion of berserk rage
Comestibles
 d - a ration


   Skills:
 O Level 27(25.5) Fighting
 O Level 27(25.5) Axes
 O Level 27(25.5) Throwing
 O Level 27(25.5) Armour
 O Level 27(25.5) Dodging
 O Level 27(25.5) Stealth
 O Level 27(25.5) Unarmed Combat
 O Level 27(25.5) Spellcasting
 O Level 27(25.5) Invocations


You had 80 spell levels left.
You didn't know any spells.
Your spell library was empty.

Dungeon Overview and Level Annotations

Branches:
Dungeon (1/1)

Altars:
Makhleb


Innate Abilities, Weirdness & Mutations

You are resistant to damage.
You can heal yourself by infusing magical energy.
You resist negative energy. (rN+)
You passively map a large area around you.
You do not regenerate.


Message History

The eight-headed meat hydra convulses!
The bag of meat convulses!
The meat berserker convulses!
The bag of meat convulses!
An accursed comes into view.
The meat berserker rages.
The crawling corpse is engulfed in blazing flames.
The crawling corpse is destroyed!
The tyrant shouts!
You slice the crawling corpse like a ripe choko!!!
You butcher the crawling corpse messily.
You destroy the crawling corpse!
You are engulfed in blazing flames.
* * * LOW HITPOINT WARNING * * *
The meat berserker rages.
You hear a shout! x4
The tyrant is engulfed in blazing flames.
A bolt of negative energy appears from out of thin air!
The bolt of negative energy hits the tyrant.
The tyrant completely resists.
The bolt of negative energy hits you!!! You partially resist.
You feel drained.
You die...

, , ,#.......# ,, , ,
#§.. #.......# ,OM...zV,
.V..###... ...###ooo....
........z###....DoXooo..
*,
.#.....).)_.......XoV...,
,,,,
.......#)))).#VOOXo.X#.#
.......#_)<._#.§oooXX...
, ,
.......#))...#z)§§§.#.#.
, ,
.#...§)o)._..Xz)@L§X.XD.
,, ,
....V)W))###.o.))O{2.#o#
, *
..§.###)...x.W###{...L..,
, ... #.......# .M.O.%. ,
, , . ,,#.......# .......
, , ,


VoO......, ....z.., ..........,,.#o..#o , ,,* , ,,..oz...... ,#....# ,
.......... * , ,*, ,, You could see 2 accurseds, a meat beast (fast), 2 tyrants,
2 eight-headed meat hydras, 3 destroyers, 4 sculptors of flesh, 9 large
abominations, a dread, 5 meat berserkers, 16 bags of meat and a crawling corpse.

Vanquished Creatures
  5 hell beasts (D)
  A greater mummy (D)
  13 vampire knights (D)
  32 ogres (D)
  4 two-headed ogres (D)
  4 liches (D)
  40 orcs (D)
  4 skeletal warriors (D)
  6 small abominations (D)
  6 large abominations (D)
  14 crawling corpses (D)
129 creatures vanquished.

Vanquished Creatures (others)
  A crawling corpse (D)
1 creature vanquished.

Grand Total: 130 creatures vanquished

Notes
Turn   | Place    | Note
-------+----------+-------------------------------------------
     0 | D        | Found the +∞ Axe of Woe
     0 | D        | radhat240 the Deep Dwarf Gladiator began the quest for the
                  | Orb.
     0 | D        | Reached XP level 1. HP: 19/19 MP: 1/1
     0 | D        | Noticed a bag of meat
     1 | D        | Noticed a bag of meat
     2 | D        | Noticed a bag of meat
     4 | D        | Became a worshipper of Makhleb the Destroyer
     4 | D        | Noticed a meat berserker
     5 | D        | Noticed a bag of meat
     6 | D        | Killed a bag of meat
     6 | D        | Reached XP level 2. HP: 40/40 MP: 2/2
     6 | D        | Reached XP level 3. HP: 48/48 MP: 3/3
     6 | D        | Reached XP level 4. HP: 55/55 MP: 4/4
     6 | D        | Reached XP level 5. HP: 62/62 MP: 5/5
     6 | D        | Reached XP level 6. HP: 70/70 MP: 6/6
     6 | D        | Reached XP level 7. HP: 76/76 MP: 7/7
     6 | D        | Reached XP level 8. HP: 85/85 MP: 8/8
     6 | D        | Gained mutation: You passively map the area around you.
                  | [Deep Dwarf growth]
     6 | D        | Reached XP level 9. HP: 92/92 MP: 9/9
     6 | D        | Reached XP level 10. HP: 99/99 MP: 10/10
     6 | D        | Reached XP level 11. HP: 106/106 MP: 11/11
     6 | D        | Killed a bag of meat
     6 | D        | Reached * piety under Makhleb
     6 | D        | Reached skill level 10 in Throwing
     6 | D        | Reached XP level 12. HP: 120/120 MP: 12/12
     7 | D        | Killed a meat berserker
     7 | D        | Reached XP level 13. HP: 127/127 MP: 13/13
     7 | D        | Gained mutation: You resist negative energy. (rN+) [Deep
                  | Dwarf growth]
     7 | D        | Reached XP level 14. HP: 135/135 MP: 14/14
     7 | D        | Noticed a bag of meat
     7 | D        | Noticed a bag of meat
     8 | D        | Noticed a meat berserker
     9 | D        | Noticed a meat berserker
     9 | D        | Noticed a meat berserker
    10 | D        | Noticed a meat berserker
    10 | D        | Noticed a meat berserker
    10 | D        | Noticed a bag of meat
    11 | D        | Killed a meat berserker
    11 | D        | Reached skill level 27 in Axes
    11 | D        | Reached XP level 15. HP: 141/141 MP: 15/15
    11 | D        | Reached ** piety under Makhleb
    11 | D        | Reached skill level 10 in Armour
    11 | D        | Noticed a meat berserker
    13 | D        | Killed a meat berserker
    13 | D        | Reached skill level 27 in Dodging
    13 | D        | Reached XP level 16. HP: 150/150 MP: 15/28
    13 | D        | Killed a meat berserker
    13 | D        | Reached *** piety under Makhleb
    13 | D        | Reached XP level 17. HP: 157/157 MP: 15/35
    14 | D        | Noticed a meat berserker
    15 | D        | Killed a meat berserker
    16 | D        | Killed a meat berserker
    16 | D        | Reached **** piety under Makhleb
    16 | D        | Gained mutation: You passively map a large area around you.
                  | [Deep Dwarf growth]
    16 | D        | Reached XP level 18. HP: 201/201 MP: 15/36
    16 | D        | Noticed a large bag of meat
    17 | D        | Killed a meat berserker
    17 | D        | Noticed a large bag of meat
    18 | D        | Reached skill level 27 in Armour
    18 | D        | Reached XP level 19. HP: 224/224 MP: 16/37
    18 | D        | Killed a meat berserker
    18 | D        | Reached skill level 27 in Fighting
    18 | D        | Reached skill level 15 in Spellcasting
    21 | D        | Reached ***** piety under Makhleb
    23 | D        | Killed a large bag of meat
    24 | D        | Noticed a meat berserker
    25 | D        | Killed a meat berserker
    25 | D        | Reached skill level 15 in Throwing
    25 | D        | Reached XP level 20. HP: 211/236 MP: 17/42
    25 | D        | Reached skill level 27 in Stealth
    26 | D        | Noticed a meat berserker
    26 | D        | Noticed a destroyer
    26 | D        | Noticed a large bag of meat
    27 | D        | Killed a meat berserker
    27 | D        | Reached skill level 27 in Unarmed Combat
    27 | D        | Reached skill level 27 in Invocations
    27 | D        | Noticed a meat berserker
    28 | D        | Noticed a meat berserker
    28 | D        | Noticed a destroyer
    29 | D        | Reached XP level 21. HP: 244/244 MP: 18/47
    30 | D        | Killed a destroyer
    30 | D        | Noticed a large bag of meat
    32 | D        | Reached ****** piety under Makhleb
    32 | D        | Reached skill level 27 in Throwing
    32 | D        | Reached skill level 27 in Spellcasting
    33 | D        | Reached XP level 22. HP: 254/254 MP: 19/53
    33 | D        | Killed a destroyer
    33 | D        | Noticed a destroyer
    34 | D        | Killed a large bag of meat
    36 | D        | Reached XP level 23. HP: 262/262 MP: 20/54
    37 | D        | Killed a large bag of meat
    40 | D        | Reached XP level 24. HP: 272/272 MP: 21/54
    40 | D        | Noticed a destroyer
    41 | D        | Noticed a destroyer
    44 | D        | Noticed an accursed
    44 | D        | Noticed a destroyer
    44 | D        | Noticed a destroyer
    45 | D        | Reached XP level 25. HP: 269/280 MP: 22/54
    45 | D        | Noticed a destroyer
    46 | D        | Killed a destroyer
    48 | D        | Killed a destroyer
    50 | D        | Reached XP level 26. HP: 285/290 MP: 24/54
    50 | D        | Killed a destroyer
    52 | D        | Killed a destroyer
    54 | D        | Reached XP level 27. HP: 298/298 MP: 25/54
    54 | D        | Noticed a destroyer
    55 | D        | Noticed a tyrant
    56 | D        | Killed a destroyer
    59 | D        | Noticed a destroyer
    59 | D        | Noticed a meat beast
    61 | D        | Noticed a dread
    61 | D        | Noticed a destroyer
    62 | D        | Noticed a meat beast
    63 | D        | Killed a meat beast
    64 | D        | Killed a meat beast
    64 | D        | Killed a destroyer
    65 | D        | Killed a tyrant
    65 | D        | Killed a destroyer
    65 | D        | Noticed a destroyer
    65 | D        | Noticed a destroyer
    66 | D        | Killed a destroyer
    67 | D        | Killed an accursed
    68 | D        | Noticed a tyrant
    68 | D        | Noticed a tyrant
    68 | D        | Noticed a destroyer
    68 | D        | Noticed a meat beast
    68 | D        | Noticed a tyrant
    68 | D        | Noticed a large bag of meat
    68 | D        | Noticed a tyrant
    70 | D        | Killed a destroyer
    71 | D        | Noticed a meat beast
    72 | D        | Noticed a meat beast
    73 | D        | Killed a tyrant
    73 | D        | Killed a meat beast
    75 | D        | Noticed an accursed
    76 | D        | Killed a tyrant
    76 | D        | Killed a destroyer
    78 | D        | Killed a meat beast
    79 | D        | Killed a destroyer
    80 | D        | Killed a large bag of meat
    81 | D        | Killed a tyrant
    82 | D        | Killed a meat beast
    83 | D        | Noticed a meat beast
    84 | D        | Noticed a destroyer
    86 | D        | Noticed a destroyer
    87 | D        | Noticed an accursed
    87 | D        | Noticed a tyrant
    88 | D        | Killed from afar by a wretched soul

Illustrated notes

Levels and vault maps discovered:
D:        meatsprint

Skill      XL: |  1  2  3  4  5  6  7  8  9 10 11 12 13 14 15 16 17 18 19 20 21 |
---------------+----------------------------------------------------------------+-----
Fighting       | 9 11 21 26 27 | 27.0
Axes           | 4 6 22 27 | 27.0
Throwing       | 9 10 15 20 27 | 27.0
Dodging        | 19 21 27 | 27.0
Unarmed Combat | 16 18 25 27 | 27.0
Armour         | 10 24 27 | 27.0
Stealth        | 12 21 26 27 | 27.0
Spellcasting   | 8 14 18 22 27 | 27.0
Invocations    | 12 21 26 27 | 27.0

Action                   |  1- 3 |  4- 6 |  7- 9 | 10-12 | 13-15 | 16-18 | 19-21 | 22-24 | 25-27 || total
-------------------------+-------+-------+-------+-------+-------+-------+-------+-------+-------++-------
Melee: Executioner's axe |     1 |       |       |     1 |     3 |     5 |     8 |    10 |    35 ||    63
Invok: Greater Servant o |       |       |       |       |       |       |       |       |     2 ||     2
  Use: Scroll            |       |       |       |       |       |       |       |       |     1 ||     1
       Potion            |       |       |       |       |       |       |       |       |     1 ||     1
Dodge: Dodged            |       |       |       |       |       |       |       |       |     2 ||     2
